[Event "Team 45 45 League T35"]
[Site "Internet Chess Club"]
[Date "2007.11.16"]
[Round "5"]
[White "mitus"]
[Black "ETwoEFour"]
[Result "0-1"]
[WhiteElo "1852"]
[BlackElo "2146"]
[Opening "Ruy Lopez: closed, Chigorin, 12...c5d4"]
[ECO "C99"]
[Time "12:12:54"]
[TimeControl "2700+45"]

1. e4 e5 2. Nf3 Nc6 3. Bb5 a6 4. Ba4 Nf6 5. O-O Be7 6. Re1 b5 7. Bb3 d6 8. c3
O-O 9. h3 Na5 10. Bc2 c5 11. d4 Qc7 12. Nbd2 cxd4 13. cxd4 Bb7 14. Nf1 Rac8 15.
Bd3 exd4 16. Nxd4 Nc4 17. Nf5 Rfe8 18. b3 Ne5 19. Bb2 Bf8 20. Rc1 Qa5 21. Bb1
Rxc1 22. Qxc1 g6 23. Nd4 Bh6 24. Bc3 Bxc1 25. Bxa5 Bb2 26. Nf3 Nxf3+ 27. gxf3 d5
28. Re2 Be5 29. Nd2 d4 30. Bb6 Nh5 31. Nf1 Nf4 32. Rd2 Rc8 33. Bxd4 Bxd4 34.
Rxd4 Ne2+ {White resigns} 0-1

[Event "Team 45 45 League T35"]
[Site "Internet Chess Club"]
[Date "2007.11.16"]
[Round "5"]
[White "matein7"]
[Black "SRS"]
[Result "1-0"]
[WhiteElo "1976"]
[BlackElo "1795"]
[Opening "Kevitz-Trajkovich defense"]
[ECO "A50"]
[Time "18:04:40"]
[TimeControl "2700+45"]

1. d4 Nf6 2. c4 Nc6 3. Nc3 e5 4. d5 Ne7 5. Bg5 Ng6 6. e3 h6 7. Bxf6 Qxf6 8. Bd3
Qg5 9. Nf3 Qxg2 10. Rg1 Qh3 11. Qe2 d6 12. O-O-O Bg4 13. Rxg4 Qxg4 14. Rg1 Qh5
15. Ne4 Nh4 16. Nxh4 Qxh4 17. c5 a6 18. f4 f5 19. Ng3 e4 20. Bc2 Qf6 21. Ba4+
Kd8 22. cxd6 cxd6 23. Qd2 Rc8+ 24. Kb1 Rc5 25. Qb4 Qf7 26. Qb6+ Qc7 27. Qa7 g6
28. b4 Rc4 29. Bb3 Rc3 30. Ne2 Bg7 31. Rxg6 Rh7 32. Nxc3 Qxc3 33. Qb8+ Kd7 34.
Rxd6+ Ke7 35. Re6+ Kf7 36. Qe8# {Black checkmated} 1-0

[Event "Team 45 45 League T35"]
[Site "Internet Chess Club"]
[Date "2007.11.18"]
[Round "5"]
[White "clarnibass"]
[Black "Ghashgork"]
[Result "1/2-1/2"]
[WhiteElo "1766"]
[BlackElo "1660"]
[Opening "Scandinavian defense"]
[ECO "B01"]
[Time "09:40:22"]
[TimeControl "2700+45"]

1. e4 d5 2. exd5 Nf6 3. Nf3 Nxd5 4. d4 g6 5. c4 Nb6 6. Nc3 Bg7 7. h3 Nc6 8. Be3
O-O 9. Qd2 e5 10. d5 Na5 11. b3 e4 12. Nd4 c6 13. dxc6 Nxc6 14. Nxc6 Qxd2+ 15.
Bxd2 bxc6 16. O-O-O f5 17. Kc2 Be6 18. Be2 Rad8 19. Rhe1 Nd7 20. f3 exf3 21.
Bxf3 Ne5 22. Be3 Nxf3 23. gxf3 a6 24. Bd4 Rxd4 25. Rxd4 Bxd4 26. Rxe6 Rf6 27.
Rxf6 Bxf6 28. Kd3 Kf7 29. b4 Ke6 30. a4 g5 31. b5 axb5 32. cxb5 Bxc3 33. Kxc3
cxb5 34. axb5 h5 35. b6 Kd6 36. Kd4 g4 37. fxg4 fxg4 {Game drawn by mutual
agreement} 1/2-1/2

[Event "Team 45 45 League T35"]
[Site "Internet Chess Club"]
[Date "2007.11.18"]
[Round "5"]
[White "Kasparklunk"]
[Black "Fysh"]
[Result "0-1"]
[WhiteElo "1462"]
[BlackElo "1853"]
[Opening "French: Steinitz variation"]
[ECO "C11"]
[Time "13:01:06"]
[TimeControl "2700+45"]

1. e4 e6 2. d4 d5 3. Nc3 Nf6 4. e5 Nfd7 5. a3 c5 6. Nf3 Nc6 7. Be3 cxd4 8. Nxd4
Ndxe5 9. Nxc6 Nxc6 10. Bd2 Bc5 11. Bd3 O-O 12. O-O f5 13. Ne2 e5 14. Bb5 Qb6 15.
Bxc6 bxc6 16. b4 Be7 17. Rc1 Ba6 18. Re1 Rae8 19. Ng3 f4 20. Ne2 Bh4 21. Rf1 f3
22. gxf3 Rxf3 23. Be3 Rxe3 24. fxe3 Qxe3+ 25. Kh1 Bxe2 26. Re1 Qf3+ {White
resigns} 0-1

[Event "Team 45 45 League T35"]
[Site "Internet Chess Club"]
[Date "2007.11.17"]
[Round "5"]
[White "Karpyan"]
[Black "gezira"]
[Result "0-1"]
[WhiteElo "1846"]
[BlackElo "1956"]
[Opening "Sicilian"]
[ECO "B56"]
[Time "14:05:55"]
[TimeControl "2700+45"]

1. e4 c5 2. Nf3 Nc6 3. d4 cxd4 4. Nxd4 Nf6 5. Nc3 d6 6. Be3 e5 7. Nb3 Be6 8. Be2
Be7 9. O-O O-O 10. Kh1 d5 11. exd5 Nxd5 12. Nxd5 Qxd5 13. Qxd5 Bxd5 14. Rfd1
Rfd8 15. Rd2 Be6 16. Rad1 Rxd2 17. Rxd2 f5 18. f3 Rc8 19. c3 h6 20. Bb5 a6 21.
Bxc6 bxc6 22. Nc1 c5 23. b3 Kf7 24. c4 f4 25. Bf2 Kf6 26. Ne2 g5 27. Nc3 h5 28.
Ne4+ Kg7 29. Kg1 Rc6 30. Kf1 Kg6 31. Nc3 g4 32. Ke2 Kf5 33. Ne4 h4 34. Rd1 a5
35. Be1 a4 36. Nc3 axb3 37. axb3 Rb6 38. Rb1 Rxb3 39. Ra1 Bxc4+ 40. Kd1 Rb2 41.
Ra7 Bf6 42. fxg4+ Kxg4 43. Ne4 Bd8 44. Rg7+ Kh5 45. Rd7 Rb1+ 46. Kd2 Ba5+ 47.
Nc3 Bf1 48. Bxh4 Kxh4 49. Kc2 Bxc3 50. Kxb1 Bxg2 51. Rh7+ Kg4 52. Rg7+ Kf3 53.
h4 e4 54. Ra7 e3 55. Ra3 Bd4 56. Kc2 Kg4 57. Kd3 f3 58. Ra8 Kxh4 {White resigns}
0-1

[Event "Team 45 45 League T35"]
[Site "Internet Chess Club"]
[Date "2007.11.18"]
[Round "5"]
[White "goldenboy2"]
[Black "Rainbird"]
[Result "1-0"]
[WhiteElo "1937"]
[BlackElo "1752"]
[Opening "French: Tarrasch, closed variation, main line"]
[ECO "C06"]
[Time "11:01:28"]
[TimeControl "2700+45"]

1. e4 e6 2. d4 d5 3. Nd2 Nf6 4. e5 Nfd7 5. Bd3 c5 6. c3 Nc6 7. Ne2 cxd4 8. cxd4
f6 9. exf6 Nxf6 10. Nf3 Bd6 11. O-O O-O 12. Ng3 e5 13. dxe5 Nxe5 14. Nxe5 Bxe5
15. Nh5 Bxh2+ 16. Kxh2 Ng4+ 17. Kg3 g6 18. Nf4 Qd6 19. Be4 d4 20. Qb3+ Be6 21.
Qxe6+ {Black resigns} 1-0

[Event "Team 45 45 League T35"]
[Site "Internet Chess Club"]
[Date "2007.11.18"]
[Round "5"]
[White "gugamircea"]
[Black "Konstantinos"]
[Result "1-0"]
[WhiteElo "1689"]
[BlackElo "1593"]
[Opening "Sicilian: Labourdonnais-Löwenthal (Kalashnikov) variation"]
[ECO "B32"]
[Time "12:04:21"]
[TimeControl "2700+45"]

1. e4 c5 2. Nf3 Nc6 3. d4 cxd4 4. Nxd4 e5 5. Nb5 d6 6. N1c3 a6 7. Na3 Nf6 8. f3
Be7 9. Be3 O-O 10. Qd2 b5 11. Nd5 Nxd5 12. exd5 Na5 13. c4 bxc4 14. Bxc4 Nxc4
15. Nxc4 Qe8 16. O-O Bd8 17. Nxd6 Qd7 18. Nc4 Re8 19. Rfd1 Rb8 20. b3 Qb5 21.
Nd6 {Black resigns} 1-0

[Event "Team 45 45 League T35"]
[Site "Internet Chess Club"]
[Date "2007.11.18"]
[Round "5"]
[White "Vitruvian"]
[Black "primerpaso"]
[Result "0-1"]
[WhiteElo "1785"]
[BlackElo "1728"]
[Opening "Sicilian: Alapin's variation (2.c3)"]
[ECO "B22"]
[Time "10:06:24"]
[TimeControl "2700+45"]

1. e4 c5 2. c3 Nf6 3. e5 Nd5 4. d4 e6 5. Nf3 d6 6. exd6 Bxd6 7. Bd3 Nc6 8. O-O
cxd4 9. cxd4 O-O 10. Nc3 Ncb4 11. Bb1 Nf6 12. Bg5 Be7 13. Re1 b6 14. Ne5 Bb7 15.
a3 Nbd5 16. Qd3 g6 17. Qh3 Nh5 18. Bxe7 Qxe7 19. g3 Nxc3 20. bxc3 Rac8 21. c4
Rfd8 22. Qg4 Qf6 23. Ba2 Ng7 24. Rad1 h5 25. Qe2 Nf5 26. d5 exd5 27. cxd5 Nd6
28. Rd4 Rc3 29. Rf4 Qg7 30. Qb2 Rc5 31. Qd2 Rc7 32. a4 Re8 33. Nf3 Rxe1+ 34.
Nxe1 Qc3 35. Qe2 Qa3 36. g4 hxg4 37. Rxg4 Rc1 38. Kg2 Rxe1 39. Qxe1 Qxa2 40. Rd4
Bxd5+ 41. Kg1 Nf5 42. Rd2 Qc4 43. Qd1 Be6 44. Rd8+ Kg7 45. Qa1+ f6 46. Qd1 Qf4
47. h3 Nh4 48. Qd3 Nf3+ 49. Kf1 Bc4 {White resigns} 0-1

[Event "Team 45 45 League T35"]
[Site "Internet Chess Club"]
[Date "2007.11.24"]
[Round "5"]
[White "WillsGambit"]
[Black "superbeast"]
[Result "0-1"]
[WhiteElo "1611"]
[BlackElo "1678"]
[Opening "Queen's pawn game"]
[ECO "E00"]
[Time "13:08:54"]
[TimeControl "2700+45"]

1. d4 Nf6 2. c4 e6 3. a3 d5 4. Nc3 c5 5. e3 Nc6 6. Nf3 a6 7. Bd3 dxc4 8. Bxc4 b5
9. Ba2 Bb7 10. d5 exd5 11. Bxd5 Nxd5 12. Qxd5 Qxd5 13. Nxd5 O-O-O 14. e4 Re8 15.
O-O Rxe4 16. Ng5 Rd4 17. Nxf7 Rg8 18. Nf4 Rd7 19. Ng5 Nd4 20. Be3 h6 21. Bxd4
hxg5 {White forfeits on time} 0-1

[Event "Team 45 45 League T35"]
[Site "Internet Chess Club"]
[Date "2007.11.15"]
[Round "5"]
[White "hondocando"]
[Black "LittleBunny"]
[Result "1-0"]
[WhiteElo "1618"]
[BlackElo "1238"]
[Opening "King's pawn game"]
[ECO "C50"]
[Time "20:20:03"]
[TimeControl "2700+45"]

1. e4 e5 2. Nf3 Nc6 3. Bc4 g6 4. O-O Bg7 5. d3 Nf6 6. Nc3 O-O 7. Nd5 a6 8. Bg5
b5 9. Bb3 a5 10. a3 d6 11. c3 Be6 12. h3 Bxd5 13. Bxd5 Qd7 14. Ba2 d5 15. Bxf6
Bxf6 16. Bxd5 Bg7 17. c4 bxc4 18. dxc4 Rae8 19. Bxc6 Qxc6 20. Qc2 Rd8 21. Rfd1
Rxd1+ 22. Rxd1 f5 23. Nd2 Qb7 24. f3 c5 25. Nb3 Qc7 26. Rd5 fxe4 27. Qxe4 Rd8
28. Qd3 Bf6 29. Rxd8+ Bxd8 30. Qd5+ Kf8 31. Qxc5+ Qxc5+ 32. Nxc5 Bb6 33. b4 axb4
34. axb4 Bxc5+ 35. bxc5 Ke7 36. Kf2 Kd7 37. Ke3 Kc6 38. Ke4 Kxc5 39. Kxe5 Kxc4
40. Ke4 Kc5 41. g4 Kd6 42. g5 Ke7 43. Ke5 Kf7 44. Kd6 Kg7 45. Ke7 h6 46. h4 Kh7
47. Kf7 Kh8 48. Kxg6 {Black resigns} 1-0

[Event "Team 45 45 League T35"]
[Site "Internet Chess Club"]
[Date "2007.11.19"]
[Round "5"]
[White "Checkmates"]
[Black "f5"]
[Result "1-0"]
[WhiteElo "2409"]
[BlackElo "2212"]
[Opening "Dutch defense"]
[ECO "A81"]
[Time "12:00:11"]
[TimeControl "2700+45"]

1. d4 f5 2. g3 Nf6 3. Bg2 g6 4. c3 d5 5. Nh3 Bg7 6. Nf4 c6 7. Nd2 O-O 8. h4 Qe8
9. h5 g5 10. h6 Bh8 11. Nd3 Ne4 12. Nf3 Bf6 13. Nfe5 Nd7 14. Be3 Bxe5 15. dxe5
e6 16. Qc1 Qg6 17. Bf3 Kh8 18. Bh5 Qg8 19. Rg1 b6 20. b4 Ba6 21. f3 Bxd3 22.
exd3 Nxg3 23. Rxg3 f4 24. Rg1 fxe3 25. Qxe3 Rf5 26. d4 c5 27. Ke2 Rc8 28. Bg4
cxd4 29. cxd4 Rf4 30. Rac1 Rc4 31. Rxc4 dxc4 32. Bh3 Qg6 33. d5 Qc2+ 34. Qd2
Qxd2+ 35. Kxd2 Nxe5 36. dxe6 Nxf3+ 37. Ke3 Kg8 38. Rd1 Kf8 39. Rd8+ Ke7 40. Rd7+
Ke8 41. Rxh7 Ne5 42. Bg2 Rh4 43. Rxa7 Rxh6 44. Ke4 Nc6 45. Rc7 Rxe6+ 46. Kd5 Nd8
47. Bf3 Rh6 48. Kxc4 Nf7 49. Kb5 Ne5 50. Be4 g4 51. a4 Nf3 52. Rg7 Nd4+ 53. Kc4
Ne6 54. Rxg4 Kd8 55. Bd5 Nc7 56. Bg2 Kd7 57. Rd4+ Rd6 58. Rh4 Rg6 59. Be4 Rf6
60. Bg2 Rg6 61. Bh3+ Kc6 62. b5+ Kb7 63. Bf5 Rg7 64. Rh6 Rg1 65. Be4+ Ka7 66.
Rh7 Rc1+ 67. Kd4 Kb8 68. Rh6 Ka7 69. Ke5 Rc5+ 70. Kd6 Ne8+ 71. Kd7 Re5 72. Bc6
Re1 73. Rh8 Nf6+ 74. Kc7 Nd5+ 75. Kd6 Nc7 76. Kxc7 Re7+ 77. Bd7 Re4 78. a5 Rc4+
79. Bc6 {Black resigns} 1-0

[Event "Team 45 45 League T35"]
[Site "Internet Chess Club"]
[Date "2007.11.18"]
[Round "5"]
[White "gyoung"]
[Black "BigNEazy"]
[Result "1-0"]
[WhiteElo "2224"]
[BlackElo "2258"]
[Opening "Sicilian, Szén variation, Dely-Kasparov gambit"]
[ECO "B44"]
[Time "13:03:52"]
[TimeControl "2700+45"]

1. e4 c5 2. Nf3 e6 3. d4 cxd4 4. Nxd4 Nc6 5. Nb5 d6 6. c4 Nf6 7. N1c3 a6 8. Na3
d5 9. cxd5 exd5 10. exd5 Nb4 11. Bc4 b5 12. Bb3 Bf5 13. O-O Bd6 14. Qf3 Qd7 15.
Bf4 Bg4 16. Qe3+ Kf8 17. Bxd6+ Qxd6 18. Qd4 Bd7 19. h3 h5 20. Ne4 Nxe4 21. Qxe4
Rh6 22. Rfe1 Rg6 23. Qf3 Rg5 24. Rad1 Rc8 25. Rd4 Rf5 26. Qg3 Qxg3 27. fxg3 a5
28. d6 Nc6 29. Rd5 a4 30. Rxf5 Bxf5 31. Bd5 b4 32. Nb5 Bd7 33. Nc7 Rd8 34. Re4
g6 35. Rc4 b3 36. axb3 Ne5 37. Re4 Nd3 38. bxa4 Bxa4 39. Rxa4 Rxd6 40. b3 Rd7
41. Ra7 Kg8 42. Bc4 Nb4 43. Nb5 Rd1+ 44. Kf2 Rd2+ 45. Kf3 Nc6 46. Rxf7 Ne5+ 47.
Ke3 Rxg2 48. Rf2+ Nxc4+ 49. bxc4 Rxg3+ 50. Rf3 Rg5 51. Kd4 h4 52. Nc3 Rg1 53. c5
Ra1 54. c6 Rf1 55. Rxf1 {Black resigns} 1-0

[Event "Team 45 45 League T35"]
[Site "Internet Chess Club"]
[Date "2007.11.18"]
[Round "5"]
[White "jorobo"]
[Black "DctSccr"]
[Result "0-1"]
[WhiteElo "2162"]
[BlackElo "2116"]
[Opening "English: four knights, kingside fianchetto"]
[ECO "A29"]
[Time "23:06:20"]
[TimeControl "2700+45"]

1. c4 e5 2. Nc3 Nc6 3. Nf3 Nf6 4. g3 Bb4 5. Bg2 O-O 6. O-O e4 7. Ng5 Bxc3 8.
bxc3 Re8 9. f3 e3 10. d3 d5 11. Qb3 Na5 12. Qa3 b6 13. cxd5 Nxd5 14. f4 Bb7 15.
Bb2 c5 16. c4 Ne7 17. Qc3 Nf5 18. Bxb7 Nxb7 19. Nf3 h5 20. Rad1 Qc8 21. d4 f6
22. dxc5 Nxc5 23. Qc2 Ne4 24. Rd5 Nfxg3 25. hxg3 Qg4 26. Nh2 Qxg3+ 27. Kh1 Nf2+
28. Rxf2 exf2 29. Rd1 h4 30. Qf5 Rad8 31. Rf1 Rxe2 32. Bc3 Re1 33. Bxe1 fxe1=Q
34. Rxe1 Qxe1+ 35. Kg2 Rd2+ 36. Kf3 Qe2# {White checkmated} 0-1

[Event "Team 45 45 League T35"]
[Site "Internet Chess Club"]
[Date "2007.11.16"]
[Round "5"]
[White "WesleyCrusher"]
[Black "killer21"]
[Result "1-0"]
[WhiteElo "2158"]
[BlackElo "2228"]
[Opening "Sicilian: Canal-Sokolsky attack, 3...Bd7"]
[ECO "B52"]
[Time "15:00:43"]
[TimeControl "2700+45"]

1. e4 c5 2. Nf3 d6 3. Bb5+ Bd7 4. Bxd7+ Qxd7 5. O-O Nc6 6. c3 g6 7. d4 cxd4 8.
cxd4 Bg7 9. Nc3 Nh6 10. Bf4 f6 11. d5 Ne5 12. Nd4 O-O 13. Ne6 Rfc8 14. Bxe5 dxe5
15. Qe2 a6 16. a4 b6 17. Rfc1 Nf7 18. Rc2 Nd6 19. b3 Bh6 20. g3 Nb7 21. Raa2 Nc5
22. Nxc5 Rxc5 23. Nd1 Rxc2 24. Rxc2 b5 25. Rc6 bxa4 26. bxa4 f5 27. f3 fxe4 28.
fxe4 Qa7+ 29. Kg2 Qd4 30. Rc4 Qb6 31. Qc2 Rf8 32. Rc8 Qd4 33. Rxf8+ Kxf8 34.
Qf2+ Ke8 35. Qxd4 exd4 36. Kf3 e5 37. Nb2 Ke7 38. Nc4 Kf6 39. h4 Bc1 40. g4 Bf4
41. Nb2 g5 42. h5 Ke7 43. Nc4 Kd7 44. Ke2 Kc7 45. Kd3 h6 46. Kc2 Kd7 47. Kb3 Bc1
48. Nxe5+ {Black resigns} 1-0

[Event "Team 45 45 League T35"]
[Site "Internet Chess Club"]
[Date "2007.11.16"]
[Round "5"]
[White "baumhauer"]
[Black "Terte"]
[Result "0-1"]
[WhiteElo "1974"]
[BlackElo "2106"]
[Opening "Modern defense"]
[ECO "A40"]
[Time "03:41:03"]
[TimeControl "2700+45"]

1. d4 g6 2. g3 Bg7 3. Bg2 d5 4. Nf3 Nf6 5. O-O O-O 6. b3 Bf5 7. Nh4 Ne4 8. Nxf5
gxf5 9. Qd3 c5 10. Bb2 Nc6 11. f3 Nd6 12. c3 cxd4 13. cxd4 Qb6 14. e3 e5 15.
dxe5 Nxe5 16. Qd4 Nxf3+ 17. Bxf3 Bxd4 18. Bxd4 Qa5 19. Nc3 Ne4 20. Bxe4 dxe4 21.
b4 Qa3 22. Rxf5 Rfd8 23. Rg5+ Kf8 24. Bg7+ Ke8 25. Re5+ Kd7 26. Rd1+ Kc6 27.
Rc5+ Kb6 28. Bd4 Rxd4 29. Rxd4 a6 30. Rxe4 Rd8 31. Nd5+ Ka7 32. Re7 Qxa2 33. e4
f5 34. Rcc7 Rb8 35. Nc3 Qa1+ 36. Kg2 fxe4 37. b5 Qb2+ 38. Kh3 a5 39. Rxe4 Qc2
40. Rf4 Qg6 41. Rff7 h5 42. Rg7 Qf5+ 43. Kh4 Qf3 44. Rg6 Rd8 45. h3 Rd4+ 46. g4
hxg4 47. hxg4 Rd2 48. Rgg7 Rh2+ 49. Kg5 Qe3+ 50. Kg6 Rh6+ 51. Kf7 Qe6+ 52. Kf8
Rh8+ {White resigns} 0-1

[Event "Team 45 45 League T35"]
[Site "Internet Chess Club"]
[Date "2007.11.16"]
[Round "5"]
[White "andreip"]
[Black "Amauta"]
[Result "1/2-1/2"]
[WhiteElo "2087"]
[BlackElo "1986"]
[Opening "Dutch with c4 & Nc3"]
[ECO "A85"]
[Time "15:22:36"]
[TimeControl "2700+45"]

1. d4 f5 2. c4 Nf6 3. Nc3 e6 4. e3 Be7 5. g3 O-O 6. Bg2 c5 7. Nge2 cxd4 8. Nxd4
Nc6 9. O-O Ng4 10. b3 Nxd4 11. exd4 Qa5 12. Ne2 Nf6 13. Bd2 Qc7 14. Nc3 a6 15.
Re1 Bb4 16. Rc1 Qd8 17. d5 Bc5 18. Be3 Bxe3 19. Rxe3 Qc7 {Game drawn by mutual
agreement} 1/2-1/2

[Event "Team 45 45 League T35"]
[Site "Internet Chess Club"]
[Date "2007.11.17"]
[Round "5"]
[White "vaibhav"]
[Black "Guinness"]
[Result "1-0"]
[WhiteElo "2414"]
[BlackElo "2250"]
[Opening "QP counter-gambit (elephant gambit)"]
[ECO "C40"]
[Time "21:09:14"]
[TimeControl "2700+45"]

1. e4 e5 2. Nf3 d5 3. Nxe5 Bd6 4. d4 dxe4 5. Bc4 Bxe5 6. Qh5 Qe7 7. Qxe5 Qxe5 8.
dxe5 Nc6 9. Nc3 Nxe5 10. Nd5 Kd8 11. Bb3 c6 12. Nc3 f5 13. Bf4 Ng6 14. Bd6 Nf6
15. Rd1 Ne8 16. Ba3+ Kc7 17. f3 e3 18. Ke2 f4 19. g3 b5 20. gxf4 a5 21. Bc5 a4
22. Bf7 Nxf4+ 23. Kxe3 Nh3 24. Ne4 g6 25. c4 Ng7 26. Nd6 Rf8 27. cxb5 Ng5 28.
Bc4 Nf5+ 29. Kf2 Nh4 30. Be2 Bg4 31. Kg3 Bxf3 32. Kxh4 Bxe2 33. Kxg5 Bxd1 34.
Rxd1 h6+ 35. Kg4 Rad8 36. Re1 {Black resigns} 1-0

[Event "Team 45 45 League T35"]
[Site "Internet Chess Club"]
[Date "2007.11.17"]
[Round "5"]
[White "onslaught"]
[Black "Extremophile"]
[Result "0-1"]
[WhiteElo "2210"]
[BlackElo "2204"]
[Opening "Sicilian: Najdorf, Byrne (English) attack"]
[ECO "B90"]
[Time "22:15:29"]
[TimeControl "2700+45"]

1. e4 c5 2. Nf3 d6 3. d4 cxd4 4. Nxd4 Nf6 5. Nc3 a6 6. Be3 e6 7. f3 b5 8. g4 Bb7
9. Qd2 Nfd7 10. O-O-O Be7 11. h4 Nb6 12. g5 N8d7 13. Bd3 Ne5 14. f4 Nbc4 15. Qe2
Nxd3+ 16. Rxd3 b4 17. Bf2 bxc3 18. Rxc3 d5 19. exd5 Qxd5 20. Rd1 Nd6 21. Rc7
Qxa2 22. Nb3 Rc8 23. Rxc8+ Bxc8 24. Bc5 Nf5 25. Qe5 O-O 26. Bf2 Qa4 27. h5 f6
28. gxf6 Bxf6 29. Qc7 Qe8 30. Nc5 Qxh5 31. Qb6 Qe2 32. Nd3 Qe4 33. Re1 Qd5 34.
Nc5 Bd4 35. Bxd4 Qxd4 36. Re4 Qg1+ 37. Kd2 Nd4 38. Kc3 Nb5+ 39. Kb3 Qf2 40. c4
Nd4+ 41. Ka2 Ne2 42. Qa5 Nc3+ 43. Qxc3 Qxc5 44. Re5 Qc6 45. Rg5 Qa4+ 46. Kb1 Qd7
{White resigns} 0-1

[Event "Team 45 45 League T35"]
[Site "Internet Chess Club"]
[Date "2007.11.18"]
[Round "5"]
[White "Ozgur-Bjk"]
[Black "fledermaus"]
[Result "1/2-1/2"]
[WhiteElo "2133"]
[BlackElo "2012"]
[Opening "QGD: Cambridge Springs defense, Bogolyubov variation"]
[ECO "D52"]
[Time "14:06:56"]
[TimeControl "2700+45"]

1. d4 d5 2. c4 e6 3. Nc3 Nf6 4. Nf3 Nbd7 5. Bg5 c6 6. e3 Qa5 7. Nd2 Bb4 8. Qc2
Ne4 9. Ndxe4 dxe4 10. Bh4 e5 11. Be2 O-O 12. O-O f5 13. f3 exf3 14. Bxf3 e4 15.
Be2 Nf6 16. Bxf6 Rxf6 17. a3 Bd6 18. c5 Bf8 19. b4 Qd8 20. Bc4+ Kh8 21. d5 Qe7
22. dxc6 bxc6 23. Rad1 g6 24. Ne2 Bh6 25. Qc3 Bg7 26. Qc2 Be6 27. Bxe6 Qxe6 28.
Nd4 Qe5 29. g3 Raf8 30. Ne2 Bh6 31. Nf4 g5 32. Ng2 f4 33. exf4 gxf4 34. Nxf4
Bxf4 35. Rxf4 Rxf4 36. gxf4 Qxf4 37. Qc3+ Kg8 38. Qc4+ Kh8 39. Qc3+ Kg8 40. Qc4+
Kh8 41. Qc3+ {Game drawn by repetition} 1/2-1/2

[Event "Team 45 45 League T35"]
[Site "Internet Chess Club"]
[Date "2007.11.18"]
[Round "5"]
[White "therealwizard"]
[Black "EUPHRATES"]
[Result "1-0"]
[WhiteElo "2160"]
[BlackElo "2046"]
[Opening "King's Indian: orthodox, 7...Nbd7"]
[ECO "E94"]
[Time "11:06:22"]
[TimeControl "2700+45"]

1. d4 Nf6 2. Nf3 g6 3. c4 Bg7 4. Nc3 O-O 5. e4 d6 6. Be2 Nbd7 7. O-O e5 8. Be3
Re8 9. Qc2 Ng4 10. Bg5 Bf6 11. Bxf6 Ngxf6 12. dxe5 dxe5 13. Rad1 c6 14. b4 b6
15. Rd6 Bb7 16. Rfd1 Qe7 17. Qd2 Rad8 18. c5 bxc5 19. bxc5 Rb8 20. Rxd7 Nxd7 21.
Qxd7 Qxc5 22. Ng5 Re7 23. Qh3 f6 24. Nxh7 Kg7 25. Qh4 Rf7 26. Rd3 Qa3 27. Nd1
Qc1 28. Nxf6 Rh8 29. Nh5+ Kh7 30. Nf4+ Kg8 31. Rd8+ {Black resigns} 1-0

[Event "Team 45 45 League T35"]
[Site "Internet Chess Club"]
[Date "2007.11.16"]
[Round "5"]
[White "Scotty2Cues"]
[Black "nardz"]
[Result "1-0"]
[WhiteElo "2051"]
[BlackElo "2197"]
[Opening "Sicilian: Alapin's variation (2.c3)"]
[ECO "B22"]
[Time "10:37:31"]
[TimeControl "2700+45"]

1. e4 c5 2. c3 Nf6 3. e5 Nd5 4. Nf3 Nc6 5. d4 cxd4 6. cxd4 d6 7. Be2 e6 8. O-O
Be7 9. a3 O-O 10. Qc2 Qb6 11. Rd1 Bd7 12. Nc3 Nxc3 13. Qxc3 Rac8 14. Qd3 dxe5
15. dxe5 Bc5 16. Rf1 h6 17. b4 Bd4 18. Rb1 Rfd8 19. Qe4 f5 20. exf6 Bxf6 21. Be3
Qc7 22. Rbc1 Qb8 23. Bd3 Ne7 24. Bf4 e5 25. Bc4+ Kh8 26. Nxe5 Bf5 27. Nf7+ Kh7
28. Bxb8 Bxe4 29. Nxd8 Rxb8 30. Ne6 Bf5 31. Rfe1 Bb2 32. Rcd1 Bxa3 33. Nf8+ Rxf8
34. Rxe7 Bxb4 35. Rxb7 a5 36. Bd3 Bxd3 37. Rxd3 Rc8 38. g3 Rf8 39. Rdd7 Bc3 40.
Ra7 Rf5 41. f4 Rb5 42. Kg2 Rb2+ 43. Kh3 Rf2 44. Rf7 Kg8 45. Rfc7 Rf3 46. Kg4 Rd3
47. f5 Bf6 48. Ra8+ Kh7 49. Rcc8 Rd4+ 50. Kh3 g5 51. Ra7+ {Black resigns} 1-0

[Event "Team 45 45 League T35"]
[Site "Internet Chess Club"]
[Date "2007.11.19"]
[Round "5"]
[White "SuperPeon"]
[Black "Tigram"]
[Result "0-1"]
[WhiteElo "2048"]
[BlackElo "1974"]
[Opening "Sicilian: Kan, Maróczy bind (Réti variation)"]
[ECO "B41"]
[Time "20:11:36"]
[TimeControl "2700+45"]

1. e4 c5 2. Nf3 e6 3. d4 cxd4 4. Nxd4 a6 5. c4 Nf6 6. Nc3 Bb4 7. Bd3 Nc6 8. Nc2
Bxc3+ 9. bxc3 d5 10. exd5 exd5 11. O-O O-O 12. cxd5 Qxd5 13. c4 Qa5 14. Bd2 Qc7
15. Re1 Rd8 16. Be2 Ne4 17. Bd3 Nxd2 18. Qxd2 Bf5 19. Re3 Ne5 20. Ne1 Nxd3 21.
Nxd3 Qxc4 22. Rd1 Rac8 23. h3 h6 24. g4 Bxd3 25. Rxd3 Rxd3 26. Qxd3 Qxa2 27. Qd7
Qc2 28. Rd2 Qc1+ 29. Rd1 Qc6 30. Qe7 b5 31. Rd7 Qc4 32. Ra7 b4 33. Qb7 Qe6 34.
Rxa6 Rc1+ 35. Kg2 Qe1 36. Ra8+ Kh7 37. Rb8 Qg1+ 38. Kf3 Rc3+ 39. Ke4 Qe1+ 40.
Kd5 Qd2+ 41. Ke5 Rc5+ 42. Ke4 Qe2+ 43. Kd4 Rc4+ {White resigns} 0-1

[Event "Team 45 45 League T35"]
[Site "Internet Chess Club"]
[Date "2007.11.18"]
[Round "5"]
[White "Chessrascal"]
[Black "Gokhtra"]
[Result "0-1"]
[WhiteElo "2090"]
[BlackElo "2209"]
[Opening "Scandinavian: Pytel-Wade variation"]
[ECO "B01"]
[Time "16:02:46"]
[TimeControl "2700+45"]

1. e4 d5 2. exd5 Qxd5 3. Nc3 Qd6 4. Nf3 Nf6 5. d3 Bg4 6. Be2 a6 7. Be3 Nc6 8. h3
Bh5 9. Qd2 e5 10. O-O-O O-O-O 11. g4 Bg6 12. Nh4 Nd4 13. Nxg6 hxg6 14. f4 Nd5
15. Ne4 Qb6 16. Bxd4 exd4 17. Ng5 Nc3 18. Nxf7 Ba3 {White resigns} 0-1

[Event "Team 45 45 League T35"]
[Site "Internet Chess Club"]
[Date "2007.11.17"]
[Round "5"]
[White "Capamuerte"]
[Black "monkeyman722"]
[Result "1-0"]
[WhiteElo "2180"]
[BlackElo "1818"]
[Opening "Van't Kruijs opening"]
[ECO "A00"]
[Time "14:57:59"]
[TimeControl "2700+45"]

1. e3 d5 2. d4 c5 3. Nf3 Nc6 4. Bb5 Qb6 5. a4 cxd4 6. O-O Nf6 7. exd4 Bg4 8. Be3
a6 9. Bxc6+ bxc6 10. b3 e6 11. Nbd2 Bb4 12. h3 Bxf3 13. Nxf3 Ne4 14. c4 O-O 15.
c5 Qb7 16. Ne5 Rfb8 17. Qg4 Bc3 18. Rab1 Nxc5 19. Rfc1 Ne4 20. f3 Nd2 21. Bxd2
Bxd2 22. Rc2 Be3+ 23. Kh2 Rc8 24. Rc3 Bd2 25. Rc2 Ba5 26. h4 Bc7 27. f4 Bxe5 28.
fxe5 Qb4 29. Rc5 Rab8 30. h5 Qd2 31. Rbc1 Rxb3 32. Rxc6 Rf8 33. R1c2 Qe3 34. Re2
Qd3 35. Rf2 Rb4 36. Rxf7 g6 37. Rxf8+ Kxf8 38. Rc8+ Ke7 39. Qg5+ {Black resigns}
1-0

[Event "Team 45 45 League T35"]
[Site "Internet Chess Club"]
[Date "2007.11.17"]
[Round "5"]
[White "mongmong"]
[Black "tammany"]
[Result "0-1"]
[WhiteElo "1613"]
[BlackElo "1542"]
[Opening "Queen's pawn: Yusupov-Rubinstein system"]
[ECO "A46"]
[Time "19:05:32"]
[TimeControl "2700+45"]

1. d4 Nf6 2. Nf3 e6 3. e3 c5 4. c3 Nc6 5. Bd3 cxd4 6. exd4 a6 7. Bf4 Be7 8. O-O
Nh5 9. Bg3 Nxg3 10. fxg3 b5 11. Nbd2 Bb7 12. Qe2 Rc8 13. Ne5 Nxe5 14. Qxe5 Bf6
15. Qe2 O-O 16. Ne4 Bxe4 17. Qxe4 g6 18. Rf3 d5 19. Qe2 Bg7 20. a4 bxa4 21. Bxa6
Rb8 22. Rxa4 Qd7 23. Ra2 Rb6 24. b4 Ra8 25. b5 Ra7 26. Rc2 Rc7 27. h3 Rc4 28.
Qf1 Bxd4+ 29. Kh2 Qc7 30. Rf4 Rxc3 31. Rxc3 Bxc3 32. Qd3 Be5 33. Rf2 h5 34. Rc2
Bxg3+ 35. Kh1 Qe5 36. Qd1 d4 37. Rd2 Rd6 38. Qe2 Qxe2 39. Rxe2 d3 40. Rd2 Bf4
41. Rd1 d2 42. Kg1 e5 43. Kf1 e4 44. Ke2 e3 45. Bb7 Rd4 46. g3 Bh6 47. Rb1 Rc4
48. Rd1 Rc5 49. Bc6 Rf5 50. b6 Rf2+ 51. Kd3 e2 52. b7 exd1=Q 53. b8=Q+ Kg7 54.
Qe5+ Rf6 55. Qc3 Qf1+ {White resigns} 0-1